Map: Echo LE (Void)

Players

IIIIIIIIIIII (Has)

  • Race: Protoss Protoss
  • League: Diamond
  • Spawn Location: 5:00

HeroMarine - Winner!

  • Race: Terran Terran
  • Spawn Location: 11:00

Event: NationWars IV

VOD

Have the link to the VOD?

Description

Time

  • Played on: Jan. 3, 2017, 2:43 p.m.
  • Length: 7:42

All games in this series

Show
View Real Time Build Order
Export as new Build Order

IIIIIIIIIIII Protoss 

Build Orders: Phoenix Opening 

Get SALT Encoding   

  12  0:08  Pylon  
  12  0:13  Probe (Chrono Boost)  
  13  0:26  Gateway  
  13  0:30  Probe (Chrono Boost)  
  14  0:36  Assimilator  
  14  0:40  Probe (Chrono Boost)  
  15  0:46  Assimilator  
  15  0:51  Probe (Chrono Boost)  
  16  1:01  Probe (Chrono Boost)  
  17  1:12  Probe (Chrono Boost)  
  17  1:13  Cybernetics Core  
  18  1:22  Probe (Chrono Boost)  
  19  1:30  Pylon  
  19  1:33  Probe (Chrono Boost)  
  20  1:47  Adept  
  20  1:52  Mothership Core (Chrono Boost)  
  24  2:00  Stargate  
  24  2:03  Warp Gate  
  24  2:11  Probe (Chrono Boost)  
  24  2:13  Adept  
  28  2:24  Probe (Chrono Boost)  
  28  2:32  Pylon  
  28  2:36  Probe (Chrono Boost)  
  29  2:51  Pylon  
  29  2:53  Pylon  
  29  2:56  Phoenix  
  30  2:59  Probe (Chrono Boost)  
  32  3:12  Probe (Chrono Boost)  
  33  3:13  Stalker  
  35  3:36  Nexus  
  35  3:38  Phoenix  
  37  3:53  Pylon  
  37  3:54  Probe (Chrono Boost)  
  38  4:08  Phoenix  
  39  4:10  Probe (Chrono Boost)  
  39  4:12  Stalker  
  43  4:22  Probe (Chrono Boost)  
  44  4:30  Phoenix  
  44  4:35  Probe (Chrono Boost)  
  47  4:46  Robotics Facility  
  47  4:56  Probe (Chrono Boost)  
  47  4:58  Probe (Chrono Boost)  
  39  5:08  Phoenix  
  39  5:13  Probe (Chrono Boost)  
  41  5:14  Probe (Chrono Boost)  
  41  5:18  Twilight Council  
  41  5:23  Probe (Chrono Boost)  
  41  5:26  Probe (Chrono Boost)  
  43  5:31  Warp Prism  
  43  5:35  Probe (Chrono Boost)  
  46  5:38  Probe (Chrono Boost)  
  47  5:47  Probe (Chrono Boost), Assimilator  
  47  5:48  Assimilator  
  49  5:50  Probe (Chrono Boost)  
  49  5:55  Gateway  
  49  5:57  Gateway  
  49  5:58  Pylon  
  49  5:59  Probe (Chrono Boost)  
  49  6:04  Probe (Chrono Boost)  
  51  6:09  Pylon  
  51  6:14  Probe (Chrono Boost)  
  52  6:23  Probe (Chrono Boost)  
  52  6:25  Stalker  
  54  6:26  Probe (Chrono Boost)  
  54  6:30  Gateway  
  54  6:33  Dark Shrine, Gateway  
  54  6:42  Pylon, Observer  
  54  6:44  Probe x2 (Chrono Boost)  
  57  6:53  Stalker  
  57  6:54  Stalker x2  
  61  7:00  Pylon  
  63  7:18  Stalker  
  63  7:22  Probe x2 (Chrono Boost), Stalker  
Show
View Real Time Build Order
Export as new Build Order

HeroMarine Terran - Winner!

Build Orders: Reaper Expand 

Get SALT Encoding   

  12  0:00  SCV  
  13  0:13  SCV  
  14  0:18  Supply Depot  
  14  0:25  SCV  
  15  0:31  Refinery  
  15  0:39  SCV  
  16  0:45  Barracks  
  16  0:51  SCV  
  17  1:03  SCV  
  18  1:15  SCV  
  19  1:33  Orbital Command, Reaper  
  20  1:43  Command Center  
  20  1:55  Factory  
  20  1:58  SCV  
  21  2:10  Supply Depot  
  21  2:15  Bunker  
  21  2:16  Barracks Reactor  
  21  2:18  SCV  
  22  2:28  Engineering Bay  
  22  2:30  SCV  
  23  2:37  Widow Mine  
  25  2:46  SCV  
  26  2:58  Missile Turret, Marine x2  
  26  3:00  SCV  
  29  3:07  Cyclone  
  29  3:12  SCV  
  33  3:16  Marine x2  
  35  3:26  SCV  
  36  3:34  Marine x2  
  37  3:37  Orbital Command  
  38  3:41  SCV  
  38  3:45  Factory Tech Lab  
  39  3:51  Marine  
  39  3:54  Barracks  
  40  3:56  SCV  
  40  3:59  Marine  
  42  4:09  Marine  
  46  4:10  Refinery  
  46  4:16  Orbital Command  
  46  4:21  SCV  
  46  4:22  Supply Depot  
  43  4:25  Terran Infantry Weapons Level 1  
  43  4:33  SCV, Widow Mine  
  43  4:35  Missile Turret  
  46  4:43  Marine x2, SCV  
  46  4:45  SCV  
  50  4:48  Bunker  
  50  4:53  Stimpack  
  50  4:55  Marine, SCV  
  50  4:57  SCV  
  50  5:01  Marine x2  
  52  5:07  SCV  
  52  5:09  SCV  
  52  5:12  Factory Reactor  
  54  5:16  Starport  
  54  5:19  Marine x2  
  54  5:20  SCV  
  57  5:21  SCV  
  57  5:27  Marine, Supply Depot  
  59  5:32  SCV  
  59  5:33  SCV  
  61  5:37  Marine  
  61  5:40  Barracks  
  62  5:43  Supply Depot  
  62  5:44  Marine  
  62  5:49  SCV x2  
  64  5:50  Marine, Supply Depot  
  64  5:55  Marine  
  66  5:59  Medivac  
  66  6:01  SCV x2  
  70  6:05  Medivac  
  70  6:08  Refinery  
  72  6:12  Marine  
  72  6:13  Marauder, Marine  
  75  6:19  SCV x2  
  75  6:23  Supply Depot  
  76  6:28  Barracks Tech Lab  
  76  6:30  Marine  
  76  6:31  Marine  
  78  6:35  Refinery  
  78  6:41  Barracks x2  
  78  6:44  SCV  
  78  6:45  SCV  
  78  6:46  Medivac x2  
  84  6:50  Marauder  
  84  6:53  Marine x2  
  88  6:58  Supply Depot  
  88  7:02  Marauder  
  90  7:11  Marauder, Marine x2  
  87  7:27  SCV x2  
Tags
 
Add a new tag
Caveats
  • Supply blocks, unpowered buildings, or Contaminate may cause inaccurate times.
  • Supply counts are checked every 10 seconds.